 Dungeon Crawl Stone Soup version 0.28-a0-305-g9e858e973b (webtiles) character file.

Game seed: 15418459533718791540

111053 frimble the Fighter (level 16, -1/131 HPs)
             Began as a Gnoll Wanderer on Aug 29, 2021.
             Was an Elder of Cheibriados.
             Killed from afar by a deep elf knight (40 damage)
             ... with a shard of ice
             ... on level 1 of the Elven Halls on Aug 30, 2021.
             The game lasted 00:42:17 (28512 turns).

frimble the Fighter (Gnoll Wanderer)               Turns: 28512, Time: 00:42:18

Health: -1/131     AC: 21    Str: 23    XL:     16   Next: 56%
Magic:  12/30      EV: 19    Int: 29    God:    Cheibriados [****..]
Gold:   3124       SH:  7    Dex: 20    Spells: 25/36 levels left

rFire   + + .      SeeInvis +   N - +4 scimitar (flame)
rCold   . . .      Faith    .   x - +0 buckler {rF+}
rNeg    + . .      Spirit   .   H - +4 troll leather armour
rPois   .          Reflect  .   o - +2 helmet {SInv}
rElec   .          Harm     .   F - +0 cloak
rCorr   .          Rampage  .   K - +0 pair of gloves
Will    ++...                   U - +0 pair of boots
Stlth   ++++++....              G - amulet of regeneration
HPRegen 2.31/turn               w - +4 ring of protection
MPRegen 0.22/turn               Y - ring of Ememputh {rF+ rN+ Will+ Stlth+}

@: studying Evocations, very slow
A: fangs 1, strong nose, distributed training
a: Renounce Religion, Bend Time, Temporal Distortion, Slouch


You were on level 1 of the Elven Halls.
You worshipped Cheibriados.
Cheibriados was greatly pleased with you.
You visited 5 branches of the dungeon, and saw 25 of its levels.

You collected 3640 gold pieces.
You spent 516 gold pieces at shops.

Inventory:

Hand Weapons
 J - the +6 spear "Toutib" {elec, rElec}
   (You took it off a gnoll on level 4 of the Dungeon)

   It occasionally discharges a powerful burst of electricity upon striking a
   foe.
   rElec:     It insulates you from electricity.
 N - a +4 scimitar of flaming (weapon)
Missiles
 q - 41 poisoned darts
 t - 4 curare-tipped darts (quivered)
 E - 5 throwing nets
Armour
 f - the +4 scale mail "Cecrotre" {rF+ Will+}
   (You found it on level 13 of the Dungeon)

   rF:        It protects you from fire.
   Will:      It increases your willpower.
 o - a +2 helmet of see invisible (worn)
 x - a +0 buckler of fire resistance (worn)
 F - a +0 cloak (worn)
 H - a +4 troll leather armour (worn)
 K - a +0 pair of gloves (worn)
 U - a +0 pair of boots (worn)
Jewellery
 s - a ring of protection from cold
 u - an amulet of magic regeneration
 w - a +4 ring of protection (left hand)
 D - a ring of positive energy
 G - an amulet of regeneration (around neck)
 Y - the ring of Ememputh (right hand) {rF+ rN+ Will+ Stlth+}
   (You took it off an orc knight on level 10 of the Dungeon)

   [ring of protection from fire]

   rF:        It protects you from fire.
   rN:        It protects you from negative energy.
   Will:      It increases your willpower.
   Stlth:     It makes you more stealthy.
 Z - the ring "Rizih" {Fly Int+6}
   (You took it off a tengu conjurer on level 10 of the Dungeon)

   [ring of intelligence]

   Int:       It affects your intelligence (+6).
   Fly:       It grants you flight.
Wands
 a - a wand of flame (14)
 d - a wand of iceblast (12)
 M - a wand of acid (17)
 O - a wand of paralysis (11)
 R - a wand of charming (9)
 T - a wand of mindburst (12)
 W - a wand of polymorph (9)
Scrolls
 e - 5 scrolls of fog
 p - 8 scrolls of teleportation
 r - 3 scrolls of blinking
 y - 19 scrolls of identify
 z - 3 scrolls of brand weapon
 B - 5 scrolls of amnesia
 I - a scroll of immolation
 L - 4 scrolls of magic mapping
 S - a scroll of fear
Potions
 b - 6 potions of curing
 c - 7 potions of haste
 g - 5 potions of might
 h - 4 potions of ambrosia
 i - a potion of mutation
 j - 2 potions of berserk rage
 k - 3 potions of attraction
 l - 7 potions of flight
 m - 3 potions of brilliance
 n - 6 potions of heal wounds
 v - 2 potions of lignification
 A - a potion of resistance
 C - 2 potions of cancellation
 P - a potion of magic {unknown}
Miscellaneous
 X - a condenser vane


   Skills:
 + Level 13.3 Fighting
 + Level 10.9 Short Blades
 + Level 10.9 Long Blades
 + Level 10.9 Axes
 + Level 10.9 Maces & Flails
 + Level 10.9 Polearms
 + Level 11.2 Staves
 + Level 10.9 Slings
 + Level 10.9 Bows
 + Level 10.9 Crossbows
 + Level 11.2 Throwing
 + Level 10.9 Armour
 + Level 11.2 Dodging
 + Level 11.6 Stealth
 + Level 10.9 Shields
 + Level 10.9 Unarmed Combat
 + Level 10.9 Spellcasting
 + Level 9.2 Conjurations
 + Level 9.2 Hexes
 + Level 9.2 Summonings
 + Level 9.2 Necromancy
 + Level 9.2 Translocations
 + Level 9.2 Transmutations
 + Level 9.2 Fire Magic
 + Level 9.2 Ice Magic
 + Level 9.2 Air Magic
 + Level 9.2 Earth Magic
 + Level 9.2 Poison Magic
 + Level 11.7 Invocations
 + Level 13.1 Evocations


You had 25 spell levels left.
You knew the following spells:

 Your Spells              Type           Power      Damage    Failure   Level
a - Blink                 Tloc           N/A        N/A       1%          2
b - Passwall              Tmut/Erth      51%        N/A       1%          2
c - Storm Form            Tmut/Air       31%        N/A       56%         7

Your spell library contained the following spells:

 Spells                   Type           Power      Damage    Failure   Level
 Sandblast                Erth           100%       2d20      1%          1
 Conjure Flame            Conj/Fire      62%        6-21      1%          3
 Frozen Ramparts          Ice            100%       1d12      1%          3
 Ignite Poison            Fire/Tmut/Pois 62%        N/A       1%          3
 Lesser Beckoning         Tloc           62%        N/A       1%          3
 Stone Arrow              Conj/Erth      100%       3d13      1%          3
 Tukima's Dance           Hex            62%        N/A       1%          3
 Fulminant Prism          Conj/Hex       31%        3d16      1%          4
 Ice Form                 Ice/Tmut       62%        N/A       1%          4
 Iskenderun's Mystic Bla  Conj/Tloc      62%        2d13      1%          4
 Passage of Golubria      Tloc           N/A        N/A       1%          4
 Sticky Flame             Conj/Fire      62%        2d8       1%          4
 Summon Ice Beast         Ice/Summ       62%        N/A       1%          4
 Bolt of Magma            Conj/Fire/Erth 31%        4d14      2%          5
 Lee's Rapid Deconstruct  Erth           31%        3d17*     2%          5
 Manifold Assault         Tloc           62%        N/A       2%          5
 Silence                  Hex/Air        31%        N/A       2%          5
 Summon Forest            Summ/Tloc      31%        N/A       2%          5
 Summon Mana Viper        Hex/Summ       62%        N/A       2%          5
 Yara's Violent Unravell  Hex/Tmut       31%        3d13      2%          5
 Lehudib's Crystal Spear  Conj/Erth      31%        10d8      99%         8
 Shatter                  Erth           31%        3d25*     100%        9


Dungeon Overview and Level Annotations

Branches:
Dungeon (15/15)            Temple (1/1) D:6            Lair (6/6) D:8
 Shoals (0/4) Lair:3        Snake (0/4) Lair:3        Slime (0/5) Lair:5
    Orc (2/2) D:12            Elf (1/3) Orc:2        Vaults (0/5) D:14
 Depths (0/5) D:15

Altars:
Ashenzari
Cheibriados
Dithmenos
Elyvilon
Fedhas
Gozag
Hepliaklqana
Kikubaaqudgha
Makhleb
Nemelex Xobeh
Okawaru
Qazlal
Ru
Sif Muna
Trog
Uskayaw
Vehumet
Wu Jian
Xom
Yredelemnul
Zin
The Shining One
Beogh
Jiyva

Shops:
D:2 !   D:5 *   Orc:2 :[((:

Annotations:
Lair:3 exclusion: 2 oklob plants
Lair:5 1 runed translucent door


Innate Abilities, Weirdness & Mutations

You have very sharp teeth.
Your uncanny sense of smell can sniff out nearby items.
Your experience applies equally to all skills.


Message History

The deep elf pyromancer is heavily wounded.
The soul eater draws from the surrounding life force!
The deep elf demonologist gestures wildly while chanting.
The deep elf pyromancer casts a spell.
You slash the deep elf pyromancer! You burn the deep elf pyromancer.
You bite the deep elf pyromancer, but do no damage.
The deep elf pyromancer is severely wounded.
The deep elf demonologist gestures wildly while chanting.
The deep elf knight casts a spell.
The deep elf knight seems to speed up.
You block the fire elemental's attack.
The deep elf pyromancer hits you but does no damage.
You can feel time thicken for a moment.
You destroy the fire elemental! x2; You kill the deep elf pyromancer!
Cheibriados thoroughly appreciates the change of pace.
The fire elemental disappears in a puff of smoke!
You kill the deep elf demonologist!
Cheibriados appreciates the change of pace.
The hellwing disappears in a puff of smoke!
The soul eater disappears in a puff of smoke!
The reaper disappears in a puff of smoke!
You can no longer step out of the flow of time.
Cheibriados lowers the support of your attributes as your movement quickens.
The deep elf high priest utters a dark prayer and points at you.
Your life force is offered up.
The deep elf knight is healed.
The deep elf high priest is healed.
Throw: 5 darts (curare)
Press: ? - help, Q - select action, (/) - cycle Shift-Dir - straight line, f - deep elf high priest
Aim: a deep elf high priest, wielding a +0 short sword and wearing a +0 leather armour (severely wounded, brilliance aura, 65% to hit)
You throw a curare-tipped dart.
The curare-tipped dart hits the deep elf high priest.
The deep elf high priest is poisoned.
The deep elf high priest convulses.
The deep elf high priest seems to slow down.
The deep elf high priest is almost dead.
The deep elf high priest utters a dark prayer and points at you.
Your life force is offered up.
* * * LOW HITPOINT WARNING * * *
The deep elf knight is healed.
The deep elf high priest is healed.
The deep elf knight casts a spell at you.
The shard of ice hits you!!!
You die...

#.# ∆ ∆ #.###
#.##..#..#..##
#.##
#.#8...$$...8#
#.#
#.#8.).)....8##.#
#.##§§#.e#..##.#
#.#8.)))°...8##
#.#8§.§§e§..8#
#.##''#§'#''#
#....@))....#
#############


You could see a deep elf knight (fast, empowered) and a deep elf high priest
(brilliance aura, very poisoned, slow).

Vanquished Creatures
  Rupert (D:14)
  3 orc warlords (Orc:2)
  A stone giant (D:15)
  A deep elf demonologist (Elf:1)
  Nessos (D:14)
  Snorg (Orc:1)
  A fire dragon (D:15)
  A boulder beetle (D:14)
  6 vault guards (D:14)
  A deep elf high priest (Elf:1)
  Harold (Orc:1)
  10 hydras
  A catoblepas (D:15)
  An ogre mage (D:10)
  A death knight (D:14)
  3 centaur warriors
  9 two-headed ogres
  3 dancing weapons (Elf:1)
  Urug (Orc:1)
  7 tengu warriors
  2 orc high priests (Elf:1)
  3 deep elf knights (Elf:1)
  A spriggan (Lair:1)
  A skeletal warrior (D:15)
  A goliath frog (Lair:6)
  4 deep elf archers (Elf:1)
  Pikel (D:6)
  3 orc knights
  12 deep elf pyromancers
  4 orc sorcerers
  7 deep elf zephyrmancers (Elf:1)
  5 cyclopes
  3 manticores
  An ugly thing (D:10)
  3 elephants (Lair:6)
  Maurice (D:8)
  3 black mambas
  2 torpor snails
  2 gargoyles
  17 cane toads
  A komodo dragon (shapeshifter) (D:14)
  A yaktaur (D:10)
  2 kobold demonologists
  2 rime drakes
  4 tengu conjurers
  An efreet (D:13)
  8 komodo dragons
  10 trolls
  A polar bear (Lair:6)
  A wind drake (Lair:3)
  3 hornets
  2 tyrant leeches (Lair:6)
  7 slime creatures
  20 blink frogs
  A meliai zombie (D:10)
  Sigmund (D:4)
  3 shadows
  An air elemental (Elf:1)
  3 wyverns
  A spriggan (shapeshifter) (D:13)
  2 fire elementals (Elf:1)
  35 yaks
  5 water elementals
  4 wraiths
  Grum (D:8)
  7 basilisks
  6 humans (D:14)
  9 vampire mosquitoes
  2 steam dragons
  4 wargs
  A warg (shapeshifter) (D:14)
  2 two-headed ogre zombies (D:12)
  An acid dragon (D:9)
  14 water moccasins
  A hornet zombie (D:8)
  43 orc warriors
  A black bear (Lair:3)
  A sky beast (D:6)
  8 ogres
  An ice beast (D:7)
  50 wolves
  The ghost of Shayle the Ducker, an amateur DjWr (D:4)
  14 centaurs
  3 phantoms
  A kobold brigand (D:11)
  17 bullfrogs
  2 earth elementals (Elf:1)
  4 scorpions (D:6)
  A wyvern skeleton (D:7)
  A water moccasin zombie (D:6)
  A water moccasin skeleton (D:5)
  A troll zombie (D:12)
  2 killer bees (D:10)
  4 wights
  2 howler monkeys (D:10)
  3 electric eels
  2 jellies
  2 hounds
  6 centaur zombies
  A centaur skeleton (D:6)
  A gnoll shaman (D:7)
  30 orc priests
  Ijyb (D:4)
  2 iguanas
  30 orc wizards
  6 hell rats (Lair:3)
  5 ogre zombies (D:12)
  2 howler monkey zombies
  12 adders
  9 gnolls
  13 river rats (Lair:3)
  2 ufetubi
  An adder zombie (D:4)
  An adder skeleton (D:4)
  A worm (D:5)
  2 dart slugs
  108 orcs
  7 ball pythons
  4 endoplasms
  4 giant cockroaches
  10 goblins
  4 hobgoblins
  6 jackals
  11 kobolds
  13 quokkas
  6 bats
  3 frilled lizards
  3 goblin zombies (D:12)
  5 hobgoblin zombies (D:12)
  3 orc skeletons (D:12)
  14 orc zombies (D:12)
  17 rats
805 creatures vanquished.

Vanquished Creatures (collateral kills)
  A wight (D:7)
  2 kobolds (D:11)
3 creatures vanquished.

Vanquished Creatures (others)
  A shadow (D:10)
  A water elemental (Elf:1)
  2 wights
  An orc priest (Elf:1)
  7 orcs
  A bush (Lair:6)
  30 fungi
  99 plants
142 creatures vanquished.

Grand Total: 950 creatures vanquished

Notes
Turn   | Place    | Note
-------+----------+-------------------------------------------
     0 | D:1      | frimble the Gnoll Wanderer began the quest for the Orb.
     0 | D:1      | frimble set off with the following items: a +2
                  | quarterstaff, 2 potions of curing, a +0 robe, a +0 dagger
     0 | D:1      | Reached XP level 1. HP: 26/26 MP: 1/1
   439 | D:1      | Reached XP level 2. HP: 29/33 MP: 2/2
   872 | D:1      | Found a faded altar of an unknown god.
   984 | D:2      | Identified a scroll of acquirement
   984 | D:2      | Acquired 1037 gold pieces
  1080 | D:2      | Found an ornate altar of the Wu Jian Council.
  1123 | D:2      | Reached XP level 3. HP: 38/38 MP: 3/3
  1171 | D:2      | Found Moymn's Distillery.
  1183 | D:2      | Bought a potion of might for 56 gold pieces
  1183 | D:2      | Bought a potion of ambrosia for 112 gold pieces
  1183 | D:2      | Bought a potion of mutation for 112 gold pieces
  1183 | D:2      | Bought a potion of berserk rage for 70 gold pieces
  1183 | D:2      | Bought a potion of attraction for 42 gold pieces
  1183 | D:2      | Bought a potion of flight for 42 gold pieces
  1322 | D:2      | Learned a level 2 spell: Blink
  1430 | D:2      | Reached skill level 1 in Invocations
  1454 | D:2      | Reached skill level 1 in Short Blades
  1454 | D:2      | Reached skill level 1 in Long Blades
  1454 | D:2      | Reached skill level 1 in Axes
  1454 | D:2      | Reached skill level 1 in Maces & Flails
  1454 | D:2      | Reached skill level 1 in Polearms
  1454 | D:2      | Reached skill level 1 in Slings
  1454 | D:2      | Reached skill level 1 in Bows
  1454 | D:2      | Reached skill level 1 in Crossbows
  1454 | D:2      | Reached skill level 1 in Armour
  1454 | D:2      | Reached skill level 1 in Shields
  1454 | D:2      | Reached skill level 1 in Unarmed Combat
  1454 | D:2      | Reached skill level 1 in Spellcasting
  1641 | D:3      | Reached XP level 4. HP: 45/45 MP: 5/5
  1650 | D:3      | Noticed an ogre
  1663 | D:3      | Killed an ogre
  1664 | D:3      | Reached skill level 1 in Conjurations
  1664 | D:3      | Reached skill level 1 in Hexes
  1664 | D:3      | Reached skill level 1 in Summonings
  1664 | D:3      | Reached skill level 1 in Necromancy
  1664 | D:3      | Reached skill level 1 in Translocations
  1664 | D:3      | Reached skill level 1 in Transmutations
  1664 | D:3      | Reached skill level 1 in Fire Magic
  1664 | D:3      | Reached skill level 1 in Ice Magic
  1664 | D:3      | Reached skill level 1 in Air Magic
  1664 | D:3      | Reached skill level 1 in Earth Magic
  1664 | D:3      | Reached skill level 1 in Poison Magic
  1664 | D:3      | Reached XP level 5. HP: 16/51 MP: 5/7
  2697 | D:4      | Found a hide-covered altar of Uskayaw.
  2804 | D:4      | Identified the +6 spear "Toutib" {elec, rElec}
  2972 | D:4      | Noticed Ijyb
  2978 | D:4      | Reached XP level 6. HP: 55/57 MP: 8/8
  2993 | D:4      | Killed Ijyb
  3406 | D:4      | Found a transporter.
  3410 | D:4      | Noticed Sigmund
  3421 | D:4      | Killed Sigmund
  3422 | D:4      | Reached XP level 7. HP: 48/63 MP: 8/10
  3499 | D:4      | Found a transporter.
  3514 | D:4      | Noticed a yak
  3516 | D:4      | Noticed a yak
  3516 | D:4      | Noticed a yak
  3520 | D:4      | Noticed a yak
  3522 | D:4      | Noticed a yak
  3785 | D:4      | Acquired a +2 helmet of see invisible
  3793 | D:5      | Entered Level 5 of the Dungeon
  3795 | D:5      | Noticed a yak
  3796 | D:5      | Noticed a yak
  3796 | D:5      | Noticed a yak
  3796 | D:5      | Noticed a yak
  3831 | D:5      | Noticed a yak
  3838 | D:5      | Noticed a yak
  3843 | D:5      | Killed a yak
  3920 | D:4      | Killed a yak
  3921 | D:4      | Reached skill level 5 in Stealth
  4171 | D:4      | Killed a yak
  4172 | D:4      | Reached XP level 8. HP: 12/71 MP: 12/12
  4548 | D:4      | Killed a yak
  4712 | D:4      | Killed a yak
  4718 | D:4      | Killed a yak
  4967 | D:3      | Killed a yak
  5035 | D:4      | Killed a yak
  5165 | D:4      | Noticed Shayle's ghost (amateur DjWr)
  5375 | D:4      | Killed a yak
  5376 | D:4      | Reached XP level 9. HP: 42/77 MP: 14/14
  5714 | D:5      | Found Cedin's General Store.
  5840 | D:5      | Bought a scroll of enchant weapon for 82 gold pieces
  5867 | D:5      | Reached skill level 5 in Staves
  5867 | D:5      | Reached skill level 5 in Throwing
  5867 | D:5      | Reached skill level 5 in Dodging
  5867 | D:5      | Reached skill level 5 in Evocations
  6213 | D:6      | Found a staircase to the Ecumenical Temple.
  6688 | D:6      | Reached skill level 5 in Invocations
  7167 | D:6      | Reached XP level 10. HP: 44/85 MP: 17/17
  7458 | D:6      | Learned a level 2 spell: Passwall
  7959 | D:7      | Noticed Pikel
  8000 | D:6      | Killed Pikel
  8001 | D:6      | Reached skill level 5 in Short Blades
  8001 | D:6      | Reached skill level 5 in Long Blades
  8001 | D:6      | Reached skill level 5 in Axes
  8001 | D:6      | Reached skill level 5 in Maces & Flails
  8001 | D:6      | Reached skill level 5 in Polearms
  8001 | D:6      | Reached skill level 5 in Slings
  8001 | D:6      | Reached skill level 5 in Bows
  8001 | D:6      | Reached skill level 5 in Crossbows
  8001 | D:6      | Reached skill level 5 in Armour
  8001 | D:6      | Reached skill level 5 in Shields
  8001 | D:6      | Reached skill level 5 in Unarmed Combat
  8001 | D:6      | Reached skill level 5 in Spellcasting
  8356 | D:6      | Reached skill level 10 in Fighting
  9403 | D:8      | Noticed Grum
  9709 | D:8      | Killed Grum
 10012 | D:8      | Noticed a two-headed ogre
 10041 | D:8      | Killed a two-headed ogre
 10310 | D:8      | Found a staircase to the Lair.
 10731 | D:8      | Noticed Maurice
 10744 | D:8      | Killed Maurice
 11445 | D:9      | Reached XP level 11. HP: 68/91 MP: 19/19
 11809 | D:9      | Noticed a soul eater
 11810 | D:9      | Reached skill level 5 in Conjurations
 11810 | D:9      | Reached skill level 5 in Hexes
 11810 | D:9      | Reached skill level 5 in Summonings
 11810 | D:9      | Reached skill level 5 in Necromancy
 11810 | D:9      | Reached skill level 5 in Translocations
 11810 | D:9      | Reached skill level 5 in Transmutations
 11810 | D:9      | Reached skill level 5 in Fire Magic
 11810 | D:9      | Reached skill level 5 in Ice Magic
 11810 | D:9      | Reached skill level 5 in Air Magic
 11810 | D:9      | Reached skill level 5 in Earth Magic
 11810 | D:9      | Reached skill level 5 in Poison Magic
 12933 | D:10     | Entered Level 10 of the Dungeon
 13543 | Temple   | Entered the Ecumenical Temple
 13653 | Temple   | Became a worshipper of Cheibriados the Contemplative
 13725 | Lair:1   | Entered Level 1 of the Lair of Beasts
 14124 | D:8      | Reached * piety under Cheibriados
 14239 | Lair:1   | Noticed a spriggan rider
 14560 | D:10     | Found a runed translucent door.
 15013 | D:10     | Noticed a two-headed ogre
 15017 | D:10     | Killed a two-headed ogre
 15065 | D:10     | Noticed a deep elf pyromancer
 15066 | D:10     | Found a runed translucent door.
 15066 | D:10     | Found a runed translucent door.
 15272 | D:11     | Reached XP level 12. HP: 86/99 MP: 22/22
 15319 | D:11     | Noticed a six-headed hydra
 15335 | D:11     | Killed a six-headed hydra
 15335 | D:11     | Reached ** piety under Cheibriados
 15575 | D:11     | Noticed a two-headed ogre
 15594 | D:11     | Killed a two-headed ogre
 15655 | D:11     | Noticed a two-headed ogre
 15668 | D:11     | Killed a two-headed ogre
 15784 | D:12     | Noticed a two-headed ogre
 15819 | D:11     | Killed a two-headed ogre
 15898 | D:12     | Noticed a two-headed ogre
 15906 | D:12     | Killed a two-headed ogre
 16048 | D:12     | Found a staircase to the Orcish Mines.
 16078 | D:12     | Reached *** piety under Cheibriados
 16130 | D:12     | Noticed a seven-headed hydra
 16137 | D:12     | Killed a seven-headed hydra
 16405 | D:13     | Noticed a centaur warrior
 16411 | D:13     | Killed a centaur warrior
 16502 | D:13     | Noticed a seven-headed hydra
 16510 | D:13     | Killed a three-headed hydra
 16593 | D:13     | Identified the +4 scale mail "Cecrotre" {rF+ Will+}
 16779 | D:13     | Reached XP level 13. HP: 106/106 MP: 24/24
 16918 | D:13     | Reached **** piety under Cheibriados
 17865 | D:4      | Reached ***** piety under Cheibriados
 17872 | D:4      | Killed Shayle's ghost
 18109 | D:11     | Identified the +5 long sword "Ogreslayer" {flame, MP+9}
 19582 | Lair:3   | Found a staircase to the Snake Pit.
 19808 | Lair:3   | Found a staircase to the Shoals.
 20482 | Lair:3   | Learned a level 7 spell: Storm Form
 20599 | Lair:4   | Reached ****** piety under Cheibriados
 21001 | Lair:4   | Identified the +12 morningstar "Witeap" {venom, Dex+2}
 21442 | Lair:5   | Found a runed translucent door.
 21442 | Lair:5   | Found a viscous altar of Jiyva.
 21443 | Lair:5   | Found a staircase to the Slime Pits.
 21528 | Lair:5   | Found a runed translucent door.
 21772 | Lair:6   | Entered Level 6 of the Lair of Beasts
 21806 | Lair:6   | Reached XP level 14. HP: 97/114 MP: 26/26
 21836 | Lair:6   | Reached skill level 10 in Evocations
 21959 | Lair:6   | Reached skill level 10 in Stealth
 22049 | Lair:6   | Reached skill level 10 in Invocations
 23503 | D:10     | Identified the ring "Hasahois" {Wiz rC- Dex+3}
 23510 | D:10     | Identified the ring "Rizih" {Fly Int+6}
 23518 | D:10     | Identified the ring "Weacusa" {rF+ rCorr Str+4 Int-5 SInv}
 23521 | D:10     | Identified the ring of Ememputh {rF+ rN+ Will+ Stlth+}
 23530 | D:10     | Reached skill level 10 in Staves
 23530 | D:10     | Reached skill level 10 in Throwing
 23530 | D:10     | Reached skill level 10 in Dodging
 23788 | D:14     | Reached XP level 15. HP: 122/122 MP: 28/28
 23804 | D:14     | Noticed Nessos
 23815 | D:14     | Killed Nessos
 24136 | D:14     | Found a gate to the Vaults.
 24452 | D:14     | Reached skill level 10 in Short Blades
 24452 | D:14     | Reached skill level 10 in Long Blades
 24452 | D:14     | Reached skill level 10 in Axes
 24452 | D:14     | Reached skill level 10 in Maces & Flails
 24452 | D:14     | Reached skill level 10 in Polearms
 24452 | D:14     | Reached skill level 10 in Slings
 24452 | D:14     | Reached skill level 10 in Bows
 24452 | D:14     | Reached skill level 10 in Crossbows
 24452 | D:14     | Reached skill level 10 in Armour
 24452 | D:14     | Reached skill level 10 in Shields
 24452 | D:14     | Reached skill level 10 in Unarmed Combat
 24452 | D:14     | Reached skill level 10 in Spellcasting
 24615 | D:14     | Noticed Rupert
 24619 | D:14     | Paralysed by Rupert for 4 turns
 24630 | D:14     | Killed Rupert
 25005 | D:15     | Entered Level 15 of the Dungeon
 25265 | D:15     | Found a staircase to the Depths.
 26005 | Orc:1    | Entered Level 1 of the Orcish Mines
 26005 | Orc:1    | Noticed Urug
 26005 | Orc:1    | Noticed Harold
 26012 | Orc:1    | Killed Urug
 26018 | Orc:1    | Killed Harold
 26028 | Orc:1    | Noticed Snorg
 26043 | Orc:1    | Killed Snorg
 26530 | Orc:2    | Entered Level 2 of the Orcish Mines
 26531 | Orc:2    | Noticed an orc warlord
 26553 | Orc:2    | Killed an orc warlord
 26711 | Orc:2    | Found Por Nuqu's Book Shoppe.
 26909 | Orc:2    | Noticed an orc warlord
 26932 | Orc:2    | Killed an orc warlord
 26942 | Orc:2    | Reached XP level 16. HP: 118/130 MP: 30/30
 26994 | Orc:2    | Found Noakk's Book Shop.
 27026 | Orc:2    | Found a staircase to the Elven Halls.
 27407 | Orc:2    | Found Rucwoz's Antique Armour Shop.
 27426 | Orc:2    | Found Acymm's Antique Weapon Boutique.
 27696 | Orc:2    | Found Hakusur's Weapon Shop.
 27829 | Elf:1    | Entered Level 1 of the Elven Halls
 28500 | Elf:1    | Identified the +4 leather armour of Laoruc {rF+ rC+ rN+}
 28501 | Elf:1    | Paralysed by an air elemental for 1 turns
 28512 | Elf:1    | Killed from afar by a deep elf knight

Illustrated notes

Levels and vault maps discovered:
D:1:      tarquinn_simple_flora_water_a, layout_basic,
          dreamdust_ecumenical_altar_hidden_monk_grotto, serial_curves,
          eino_curves_01, eino_curves_02, eino_curves_02
D:2:      layout_basic, basic_altar, serial_shops, nicolae_shop_crystal,
          minmay_pentomino_s2
D:3:      layout_rooms
D:4:      layout_loops_corners, eat_drink_and_be_merry_uskayaw,
          gammafunk_ghost_gnarly_gnolls, uniq_sigmund, uniq_ijyb
D:5:      layout_rooms, serial_shops, shop, gup_sewer_entry_pipe
D:6:      layout_basic, minmay_temple_entry_slanted, chequers_jeans,
          minmay_circle_x
D:7:      layout_layer_cave, uniq_pikel
D:8:      layout_loops_cross, lair_entry_dummy, uniq_maurice, uniq_grum
D:9:      layout_grid_maze
D:10:     minmay_the_grid_triangle_9x9_rhombus_full
          [minmay_the_grid_triangle_9x9_checkered,
          minmay_the_grid_triangle_9x9_fully_insulated_deathbox,
          minmay_the_grid_triangle_9x9_zippers_horizontal,
          minmay_the_grid_triangle_9x9_descending_squares,
          minmay_the_grid_triangle_9x9_pentomino_pain,
          minmay_the_grid_triangle_9x9_sparse_checkered,
          minmay_the_grid_triangle_9x9_warning,
          minmay_the_grid_triangle_9x9_prize_special], layout_basic
D:11:     layout_roguey
D:12:     layout_loops_ring, zombieorc2_lemuel
D:13:     layout_loops_ring, kennysheep_generic_room_7
D:14:     layout_cave_pools, ximxim_vaults_locker_room, serial_co_window_serial,
          co_window_corner_a, co_window_of_opportunity_a, co_window_paths_a,
          co_window_of_opportunity_a, co_window_corner_a, co_window_corner_a,
          co_window_of_opportunity_a, co_window_paths_a,
          co_window_of_opportunity_a, co_window_unsneaky_path_c,
          co_window_unsneaky_path_d, co_window_2corner, co_window_4corner_b,
          glass_columns_a, glass_columns_a, glass_columns_a, glass_columns_a,
          glass_columns_b, uniq_nessos, uniq_rupert
D:15:     grunt_enter_depths_snipers, layout_loops_cross, minivault_14,
          serial_rivers, chequers_serial_rivers_large_a,
          chequers_serial_rivers_small_b, chequers_serial_rivers_large_b,
          chequers_serial_rivers_micro_c, minmay_misc_feat_pillars
Temple:   kilobyte_greek_temple
Lair:1:   layout_cave_shapes, grunt_forest_large_clearings
Lair:2:   layout_regular_city
Lair:3:   lemuel_ratsnest, layout_small_grid, minmay_shoals_entry_beasts,
          dummy_snake_entry, serial_bayou_ford_a, minmay_lair_oklob_chamber
Lair:4:   layout_hall_layers, cheibrodos_lair_reptile_den
Lair:5:   layout_hall_layers, slime_altar_2, pf_torpor_hydra
Lair:6:   minmay_lair_end_frog_pond, layout_misc_corridors
Orc:1:    layout_caves, nicolae_orc_damp_corner, uniq_urug, uniq_harold,
          uniq_snorg
Orc:2:    grunt_orc_community_town_hall, layout_caves,
          grunt_orc_community_big_house_2, grunt_orc_community_big_house_1,
          grunt_orc_community_house_3, grunt_orc_community_house_3,
          grunt_orc_community_house_3, grunt_orc_community_house_3,
          grunt_orc_community_house_1, serial_shops, nicolae_shop_trees,
          minmay_orc_temple_b
Elf:1:    nicolae_elf_arrival_no_cutting_in_line, layout_loops_ring,
          orc_legates, kilobyte_rumbling_trees

Skill      XL: |  1  2  3  4  5  6  7  8  9 10 11 12 13 14 15 16 |
---------------+-------------------------------------------------+-----
Invocations    | 1 2 3 4 5 6 7 8 9 10 11 | 11.7
Short Blades   | 1 2 3 4 5 6 7 8 9 10 | 10.9
Long Blades    | 1 2 3 4 5 6 7 8 9 10 | 10.9
Axes           | 1 2 3 4 5 6 7 8 9 10 | 10.9
Maces & Flails | 1 2 3 4 5 6 7 8 9 10 | 10.9
Polearms       | 1 2 3 4 5 6 7 8 9 10 | 10.9
Slings         | 1 2 3 4 5 6 7 8 9 10 | 10.9
Bows           | 1 2 3 4 5 6 7 8 9 10 | 10.9
Crossbows      | 1 2 3 4 5 6 7 8 9 10 | 10.9
Armour         | 1 2 3 4 5 6 7 8 9 10 | 10.9
Shields        | 1 2 3 4 5 6 7 8 9 10 | 10.9
Unarmed Combat | 1 2 3 4 5 6 7 8 9 10 | 10.9
Spellcasting   | 1 2 3 4 5 6 7 8 9 10 | 10.9
Conjurations   | 1 2 3 4 5 6 7 8 9 |  9.2
Hexes          | 1 2 3 4 5 6 7 8 9 |  9.2
Summonings     | 1 2 3 4 5 6 7 8 9 |  9.2
Necromancy     | 1 2 3 4 5 6 7 8 9 |  9.2
Translocations | 1 2 3 4 5 6 7 8 9 |  9.2
Transmutations | 1 2 3 4 5 6 7 8 9 |  9.2
Fire Magic     | 1 2 3 4 5 6 7 8 9 |  9.2
Ice Magic      | 1 2 3 4 5 6 7 8 9 |  9.2
Air Magic      | 1 2 3 4 5 6 7 8 9 |  9.2
Earth Magic    | 1 2 3 4 5 6 7 8 9 |  9.2
Poison Magic   | 1 2 3 4 5 6 7 8 9 |  9.2
Staves         | 3 4 5 6 7 8 9 10 11 | 11.2
Throwing       | 3 4 5 6 7 8 9 10 11 | 11.2
Dodging        | 3 4 5 6 7 8 9 10 11 | 11.2
Evocations     | 3 4 5 6 7 8 9 11 12 13 | 13.1
Fighting       | 9 10 11 12 13 | 13.3
Stealth        | 5 6 7 8 9 10 11 | 11.6

Action                   |  1- 3 |  4- 6 |  7- 9 | 10-12 | 13-15 | 16-18 || total
-------------------------+-------+-------+-------+-------+-------+-------++-------
Melee: Quarterstaff      |    57 |       |       |       |       |       ||    57
       Bite              |     4 |    11 |    26 |    83 |   201 |    56 ||   381
       Dagger            |    51 |   137 |   265 |   159 |       |       ||   612
       Punch             |       |     1 |     3 |    22 |    43 |       ||    69
       Short sword       |       |       |       |   483 |       |       ||   483
       Scimitar          |       |       |       |    35 |  1014 |   297 ||  1346
       Unarmed           |       |       |       |       |     6 |       ||     6
Throw: Dart              |       |     1 |    57 |    98 |    16 |     1 ||   173
 Cast: Passwall          |       |       |       |     4 |     1 |       ||     5
       Blink             |       |       |       |       |    13 |       ||    13
       Storm Form        |       |       |       |       |     1 |       ||     1
Invok: Slouch            |       |       |       |       |    12 |     9 ||    21
       Bend Time         |       |       |       |       |     2 |       ||     2
       Step From Time    |       |       |       |       |       |     1 ||     1
Evoke: Wand              |       |       |     7 |    28 |    14 |       ||    49
       Condenser vane    |       |       |       |       |     2 |     1 ||     3
  Use: Scroll            |     7 |     3 |     7 |     7 |    10 |       ||    34
       Potion            |       |     1 |     2 |       |       |     1 ||     4
 Stab: Sleeping          |     6 |     3 |     4 |     6 |    20 |     7 ||    46
       Distracted        |       |       |       |     1 |     3 |       ||     4
       Paralysed         |       |       |       |       |     2 |       ||     2
Armor: Ring mail         |    40 |    42 |    69 |    96 |       |       ||   247
       Robe              |     2 |       |       |       |       |       ||     2
       Troll leather arm |       |       |       |   214 |   380 |    79 ||   673
Dodge: Dodged            |    60 |    82 |   138 |   657 |  1223 |   269 ||  2429
Block: Buckler           |       |       |       |       |   170 |   175 ||   345

Table legend: (Time is in decaauts)
 A = Elapsed time spent in this place.
 B = Non-inter-level travel time spent in this place.
 C = Inter-level travel time spent in this place.
 D = Time resting spent in this place.
 E = Time spent auto-exploring this place.
 F = Levels seen in this place.
 G = Mean time per level.
                   A        B        C        D        E       F      G
               +--------+--------+--------+--------+--------+-----+--------+
         Total |  37431 |  34039 |   3392 |   1473 |  25785 |  25 | 1497.2 |
       Dungeon |  24730 |  22234 |   2496 |   1441 |  16774 |  15 | 1648.7 |
        Temple |    161 |    110 |     51 |      0 |     98 |   1 |  161.0 |
          Lair |   8305 |   7646 |    659 |     32 |   5920 |   6 | 1384.2 |
  Orcish Mines |   3173 |   2990 |    183 |      0 |   2294 |   2 | 1586.5 |
   Elven Halls |   1058 |   1058 |      0 |      0 |    697 |   1 | 1058.0 |
               +--------+--------+--------+--------+--------+-----+--------+

Top non-repeatable levels by time:
     D:4: 2769 daAuts
    D:10: 2745 daAuts
    D:14: 2284 daAuts
   Orc:2: 2223 daAuts
     D:8: 2149 daAuts
     D:6: 1984 daAuts
  Lair:3: 1932 daAuts
     D:9: 1869 daAuts
  Lair:6: 1744 daAuts
     D:7: 1690 daAuts
    D:15: 1584 daAuts
    D:13: 1493 daAuts
  Lair:2: 1420 daAuts
     D:3: 1369 daAuts
    D:12: 1342 daAuts
